 Dungeon Crawl Stone Soup version 0.28-a0-265-g048bc9fd10 (webtiles) character file.

Game seed: 5584809146085948883

238 aSlayers the Ruffian (level 5, -3/53 HPs)
             Began as a Troll Abyssal Knight on Aug 27, 2021.
             Was a Follower of Lugonu.
             Slain by an iguana (8 damage)
             ... on level 3 of the Dungeon.
             The game lasted 00:04:05 (2335 turns).

aSlayers the Ruffian (Troll Abyssal Knight)         Turns: 2335, Time: 00:04:05

Health: -3/53      AC:  4    Str: 21    XL:     5   Next: 78%
Magic:  5/5        EV: 10    Int:  8    God:    Lugonu [*.....]
Gold:   169        SH:  0    Dex:  9    Spells: 4/4 levels left

rFire   . . .      SeeInvis .     - Unarmed
rCold   . . .      Faith    .   (no shield)
rNeg    . . .      Spirit   .   a - +0 robe
rPois   .          Reflect  .   (helmet restricted)
rElec   .          Harm     .   (no cloak)
rCorr   .          Rampage  .   (gloves unavailable)
Will    .....                   (boots unavailable)
Stlth   +.........              (no amulet)
HPRegen 1.17/turn               (no ring)
MPRegen 0.09/turn               (no ring)

@: no status effects
A: large, unfitting armour, claws 3, regeneration 1, shaggy fur 1, tough skin 1
a: Renounce Religion, Depart the Abyss


You were on level 3 of the Dungeon.
You worshipped Lugonu.
Lugonu was aware of your devotion.
You visited 1 branch of the dungeon, and saw 4 of its levels.
You visited the Abyss 1 time.

You collected 169 gold pieces.

Inventory:

Armour
 a - a +0 robe (worn)
Scrolls
 e - 2 scrolls of blinking {unknown}
 g - a scroll of identify {unknown}
 h - a scroll of immolation {unknown}
 i - a scroll of noise {unknown}
Potions
 c - 2 potions of flight {unknown}
 d - 2 potions of haste {unknown}
 f - a potion of mutation {unknown}
 j - a potion of curing {unknown}
 k - a potion of ambrosia {unknown}


   Skills:
 + Level 3.3 Fighting
 + Level 3.0 Dodging
 + Level 0.4 Stealth
 + Level 4.2 Unarmed Combat
 + Level 1.8 Invocations


You had 4 spell levels left.
You didn't know any spells.
Your spell library was empty.

Dungeon Overview and Level Annotations

Branches:
Dungeon (4/15)
 Temple: D:4-7

Altars:


Innate Abilities, Weirdness & Mutations

You are too large for most types of armour.
You have claws for hands.
Your natural rate of healing is unusually fast.
You are covered in fur. (AC +1)
You have tough skin. (AC +1)


Message History

You kill Eustachio!
Lugonu accepts your kill.
The quokka disappears in a puff of smoke!
The river rat disappears in a puff of smoke!
The quokka disappears in a puff of smoke!
The iguana barely misses you. The goblin hits you with a +0 dagger.
Your Dodging skill increases to level 3!
Your Unarmed Combat skill increases to level 4!
You have reached level 5!
You barely miss the iguana. The iguana bites you!
* * * LOW HITPOINT WARNING * * *
You closely miss the iguana. The goblin hits you but does no damage.
The iguana bites you.
* * * LOW HITPOINT WARNING * * *
You closely miss the iguana. The goblin hits you with a +0 dagger.
* * * LOW HITPOINT WARNING * * *
The iguana bites you.
* * * LOW HITPOINT WARNING * * *
As you read the scroll labelled OLOHAI WESAB, it crumbles to dust.
You feel strangely unstable.
It was a scroll of teleportation.
The goblin closely misses you. The iguana completely misses you.
Unknown command.
As you read the scroll of teleportation, it crumbles to dust.
You feel strangely stable. The goblin hits you with a +0 dagger.
* * * LOW HITPOINT WARNING * * *
The iguana closely misses you. The goblin hits you but does no damage.
The goblin completely misses you. The iguana barely misses you.
There is a stone staircase leading up here.
The goblin hits you with a +0 dagger.
* * * LOW HITPOINT WARNING * * *
The iguana misses you.
You climb upwards.
There is a stone staircase leading down here.
You barely miss the iguana. The goblin closely misses you.
The iguana bites you!
* * * LOW HITPOINT WARNING * * *
The goblin hits you but does no damage. The iguana bites you!
You die...

########## .........# .#######.#
.# #.# ######### .##### #.# #####
#.......# .....# #.# ##...##
#.#####.# .##..# #.#####.....#
#.# #.# .#...###.......gl..#
#.#####.####
......##..####..@..###.#.........
...........##.......##.#.###.####
###.......#>#.#.###.##.#.###.#
#.####.#.##.#.# #.##.......# #.#
##.###.#.###.####.##### ##'## ###
#.##....# #.# ##...## #.......#
#.# #.....## #####.### #)####
.......## ##.###.# #)##.## #


You could see an iguana and a goblin.

Vanquished Creatures
  Eustachio (D:4)
  An orc wizard (D:3)
  3 adders
  2 worms (D:2)
  4 orcs (D:3)
  3 bats
  4 endoplasms
  4 giant cockroaches
  3 goblins
  A hobgoblin (D:2)
  3 kobolds
  2 quokkas
  3 ball pythons
  6 frilled lizards
  3 rats (D:3)
43 creatures vanquished.

Notes
Turn   | Place    | Note
-------+----------+-------------------------------------------
     0 | Abyss:1  | aSlayers the Troll Abyssal Knight began the quest for the
                  | Orb.
     0 | Abyss:1  | Reached XP level 1. HP: 22/22 MP: 1/1
     1 | D:1      | Escaped the Abyss
    20 | D:1      | Noticed an anaconda
   394 | D:1      | Reached * piety under Lugonu
   490 | D:1      | Reached XP level 2. HP: 29/29 MP: 2/2
   551 | D:1      | Noticed a black mamba
  1050 | D:2      | Reached XP level 3. HP: 36/36 MP: 3/3
  1593 | D:3      | Reached skill level 3 in Unarmed Combat
  1593 | D:3      | Reached XP level 4. HP: 44/45 MP: 4/4
  2045 | D:3      | Found a faded altar of an unknown god.
  2312 | D:4      | Noticed Eustachio
  2323 | D:4      | Killed Eustachio
  2324 | D:4      | Reached skill level 4 in Unarmed Combat
  2324 | D:4      | Reached XP level 5. HP: 19/53 MP: 5/5
  2335 | D:3      | Slain by an iguana

Illustrated notes

Levels and vault maps discovered:
D:1:      sevenhm_arrival_forest_fort_small_2, layout_basic
D:2:      layout_loops_cross, st_stairs_13
D:3:      layout_loops_corners, hellmonk_ecumenical_altar_lost_god
D:4:      layout_cave_pools, enter_ossuary_1, uniq_natasha, uniq_eustachio

Skill      XL: |  1  2  3  4 |
---------------+-------------+-----
Dodging        | 2 3 |  3.0
Fighting       | 3 |  3.3
Unarmed Combat | 3 4 |  4.2
Stealth        | |  0.4
Invocations    | |  1.8

Action                   |  1- 3 |  4- 6 || total
-------------------------+-------+-------++-------
Melee: Unarmed           |    99 |    54 ||   153
       Punch             |     1 |       ||     1
Invok: Depart the Abyss  |     1 |       ||     1
  Use: Scroll            |       |     2 ||     2
 Stab: Sleeping          |       |     1 ||     1
Armor: Robe              |    26 |    16 ||    42
Dodge: Dodged            |    47 |    37 ||    84

Table legend: (Time is in decaauts)
 A = Elapsed time spent in this place.
 B = Non-inter-level travel time spent in this place.
 C = Inter-level travel time spent in this place.
 D = Time resting spent in this place.
 E = Time spent auto-exploring this place.
 F = Levels seen in this place.
 G = Mean time per level.
                   A        B        C        D        E       F      G
               +--------+--------+--------+--------+--------+-----+--------+
         Total |   2327 |   2327 |      0 |      0 |   1815 |   5 |  465.4 |
       Dungeon |   2326 |   2326 |      0 |      0 |   1815 |   4 |  581.5 |
         Abyss |      1 |      1 |      0 |      0 |      0 |   1 |    1.0 |
               +--------+--------+--------+--------+--------+-----+--------+

Top non-repeatable levels by time:
     D:3: 870 daAuts
     D:1: 753 daAuts
     D:2: 682 daAuts
     D:4: 19 daAuts
 Abyss:1: 1 daAuts
